 Dungeon Crawl Stone Soup version 0.28.0 (webtiles) character file.

Game seed: 14978196117975306387

226 a3don the Ducker (level 6, -2/40 HPs)
             Began as a Djinni Hedge Wizard on Feb 8, 2022.
             Was an Initiate of Gozag.
             Slain by a phantom (3 damage)
             ... on level 4 of the Dungeon.
             The game lasted 00:08:50 (4558 turns).

a3don the Ducker (Djinni Hedge Wizard)              Turns: 4558, Time: 00:08:51

Health: -2/40      AC:  2    Str:  9    XL:     6   Next: 22%
Gold:   299        EV: 13    Int: 17    God:    Gozag SH:  0 Dex: 13

rFire   + + .      SeeInvis .   g - +0 mace
rCold   x . .      Faith    .   (no shield)
rNeg    . . .      Spirit   .   b - +0 robe
rPois   ∞          Reflect  .   c - +0 hat
rElec   .          Harm     .   (no cloak)
rCorr   .          Rampage  .   (no gloves)
Will    .....                   (boots unavailable)
Stlth   ++........              (no amulet)
HPRegen 0.13/turn               (no ring)
MPRegen 0.00/turn               (no ring)

@: flying
A: sickness immunity, fire resistance 2, cold vulnerability 1, float, innate
caster, HP casting, extra vitality 1
a: Renounce Religion, Potion Petition, Call Merchant, Bribe Branch


You were on level 4 of the Dungeon.
You worshipped Gozag.
Gozag was aware of your devotion.
You visited 1 branch of the dungeon, and saw 4 of its levels.

You collected 299 gold pieces.

Inventory:

Hand Weapons
 a - a +0 dagger
 g - a +0 mace (weapon)
Missiles
 m - 11 poisoned darts
Armour
 b - a +0 robe (worn)
 c - a +0 hat (worn)
 q - a +0 leather armour of fire resistance
Wands
 o - a wand of mindburst (11)
Scrolls
 e - a scroll of teleportation {unknown}
 f - 2 scrolls of immolation {unknown}
 j - 3 scrolls of identify {unknown}
 k - a scroll of fear {unknown}
 p - a scroll of blinking {unknown}
Potions
 h - a potion of might {unknown}
 i - a potion of degeneration {unknown}
 l - a potion of brilliance {unknown}
 n - a potion of mutation {unknown}


   Skills:
 + Level 4.2 Dodging
 + Level 3.3 Stealth
 + Level 3.4 Spellcasting


You couldn't memorise any spells.
You knew the following spells:

 Your Spells              Type           Power      Damage    Failure   Level
a - Magic Dart            Conj           56%        1d5       4%          1
b - Blink                 Tloc           28%        N/A       6%          2
c - Call Imp              Summ           14%        N/A       6%          2
d - Slow                  Hex            56%        N/A       4%          1
e - Conjure Flame         Conj/Fire      14%        6-21      12%         3
f - Mephitic Cloud        Conj/Pois/Air  14%        N/A       12%         3
g - Summon Small Mammal   Summ           56%        N/A       4%          1
h - Corpse Rot            Necr/Air       28%        N/A       6%          2
Your spell library was empty.

Dungeon Overview and Level Annotations

Branches:
Dungeon (4/15)
 Temple: D:4-7

Altars:
Gozag

Shops:
D:2 *


Innate Abilities, Weirdness & Mutations

You are immune to sickness and miasma.
You are immune to poison.
Your flesh is very heat resistant. (rF++)
You are vulnerable to cold. (rC-)
You float through the air rather than walking.
You learn spells naturally, not from books.
Your magical power is your life essence.
You have superior vitality. (+4 MHP)


Message History

The phantom hits you but does no damage.
Your quokka barely misses the phantom.
You hit the phantom.
The phantom is moderately damaged.
Your crimson imp blinks!
Your quokka misses the phantom. The phantom hits you.
* * * LOW HITPOINT WARNING * * *
The phantom blinks!
You blink.
Your quokka closely misses the phantom.
Your crimson imp hits the phantom.
Your quokka barely misses the phantom.
Your quokka closely misses the phantom.
The phantom hits you!
* * * LOW HITPOINT WARNING * * *
Your crimson imp closely misses the phantom.
There is a stone staircase leading up here.
Your quokka bites the phantom.
Your crimson imp hits the phantom.
Your quokka closely misses the phantom.
It was a potion of curing.
You feel better.
The phantom hits your crimson imp but does no damage.
Your crimson imp hits the phantom.
Your quokka completely misses the phantom.
Casting: Summon Small Mammal (safe; 4% risk of failure)
Confirm with . or Enter, or press ? or * to list all spells.
Aiming: Magic Dart (safe; 4% risk of failure)
Press: ? - help, Shift-Dir - straight line, f - phantom
Aim: a phantom (severely damaged, ally target, 100% to hit)
The magic dart hits the phantom but does no damage.
The phantom is severely damaged.
* * * LOW HITPOINT WARNING * * *
The phantom barely misses you.
Your quokka bites the phantom.
Your crimson imp closely misses the phantom.
Your crimson imp closely misses the phantom.
Your quokka bites the phantom.
The phantom hits you!
* * * LOW HITPOINT WARNING * * *
Your crimson imp closely misses the phantom.
Your quokka barely misses the phantom.
Your crimson imp blinks!
Your quokka misses the phantom. The phantom hits you.
You die...
Your body crumbles into a pile of gold.

##### ...# ##.##
####### #...##
#..<..# ##.#.#.######
#.....###.##.##.#....
#..r......##.....$$..
#..W.5#.#.(..##.#$...
#...@...........#####
######.#........#
#....##.#..#
#.......#..#
......##.#..#
##..##.##.#..#
#......... .#
.........#


You could see a phantom (ally target), a friendly crimson imp (summoned) and a
friendly quokka (summoned).

Vanquished Creatures
  2 adders (D:3)
  2 worms
  A dart slug (D:1)
  3 orcs (D:4)
  5 ball pythons
  8 endoplasms
  3 giant cockroaches
  6 goblins
  A hobgoblin (D:3)
  4 quokkas
  7 bats
  2 frilled lizards
  5 kobolds
  5 rats
54 creatures vanquished.

Vanquished Creatures (collateral kills)
  A scorpion (D:4)
  An orc priest (D:4)
  An orc wizard (D:4)
  2 adders (D:2)
  A worm (D:3)
  An orc (D:4)
  A ball python (D:3)
  An endoplasm (D:3)
  A goblin (D:4)
  2 quokkas (D:2)
  A kobold (D:4)
13 creatures vanquished.

Grand Total: 67 creatures vanquished

Notes
Turn   | Place    | Note
-------+----------+-------------------------------------------
     0 | D:1      | a3don the Djinni Hedge Wizard began the quest for the Orb.
     0 | D:1      | Reached XP level 1. HP: 15/15 MP: 0/0
   329 | D:1      | Reached XP level 2. HP: 17/21 MP: 0/0
   640 | D:1      | You are sucked into a shaft and drop 1 floor!
  1195 | D:2      | Reached XP level 3. HP: 22/25 MP: 0/0
  1195 | D:2      | Learned a level 1 spell: Summon Small Mammal
  1296 | D:2      | Found a faded altar of an unknown god.
  1300 | D:2      | Prayed at the altar of an unknown god.
  1300 | D:2      | Became a worshipper of Gozag Ym Sagoz the Greedy
  1519 | D:2      | Reached skill level 3 in Dodging
  1911 | D:2      | Found Cikho's General Store.
  2002 | D:2      | Reached XP level 4. HP: 8/31 MP: 0/0
  3473 | D:3      | Reached XP level 5. HP: 32/35 MP: 0/0
  3473 | D:3      | Learned a level 2 spell: Corpse Rot
  3908 | D:4      | Noticed a phantom
  4303 | D:4      | Reached skill level 4 in Dodging
  4303 | D:4      | Reached XP level 6. HP: 32/40 MP: 0/0
  4315 | D:4      | Noticed a black bear
  4555 | D:4      | HP: 1/40 [phantom (7)]
  4558 | D:4      | Slain by a phantom

Illustrated notes

Levels and vault maps discovered:
D:1:      dpeg_arrival_subterranean_lakeside_camping, layout_loops_ring,
          st_stairs_9, nrook_campfire, minivault_25
D:2:      minmay_inner_zag, layout_loops_ring, basic_ecumenical_altar,
          serial_shops, nicolae_shop_trees, hex_large, kennysheep_doodads
D:3:      layout_loops_ring, hangedman_decor_peaks_small
D:4:      layout_loops_cross, mainiacjoe_overflow_brackets

Skill      XL: |  1  2  3  4  5 |
---------------+----------------+-----
Stealth        | 2 3 |  3.3
Dodging        | 3 4 |  4.2
Spellcasting   | 3 |  3.4

Action                   |  1- 3 |  4- 6 || total
-------------------------+-------+-------++-------
Melee: Dagger            |     1 |       ||     1
       Mace              |    11 |    17 ||    28
 Cast: Magic Dart        |    60 |    75 ||   135
       Call Imp          |     8 |     8 ||    16
       Summon Small Mamm |     2 |     8 ||    10
       Mephitic Cloud    |     1 |     8 ||     9
       Slow              |       |     1 ||     1
  Use: Potion            |       |     1 ||     1
 Stab: Sleeping          |     1 |       ||     1
       Confused          |       |     1 ||     1
Armor: Robe              |     4 |     6 ||    10
Dodge: Dodged            |    23 |    21 ||    44
